 Dungeon Crawl Stone Soup version 0.12.3 (webtiles) character file.

8003 Chiseanne the Thaumaturge (level 11, 0/56 HPs)
             Began as a Deep Elf Fire Elementalist on Sept 27, 2013.
             Was an Elder of Vehumet.
             Slain by an orc warrior
             ... wielding a -1,+1 orcish war axe
             ... led by an orc high priest
              (16 damage)
             ... on Level 1 of the Orcish Mines on Sept 28, 2013.
             The game lasted 01:26:11 (13861 turns).

Chiseanne the Thaumaturge (DEFE)                   Turns: 13861, Time: 01:26:12

HP   0/56        AC  4     Str  5      XL: 11   Next:  0%
MP  32/32        EV 16     Int 24      God: Vehumet [****..]
Gold 299         SH  7     Dex 15      Spells: 10 memorised,  6 levels left

Res.Fire  : + . .   See Invis. : .   s - +2,+3 sabre (freeze)
Res.Cold  : x . .   Warding    : .   j - +0 elf robe
Life Prot.: . . .   Conserve   : .   y - +0 buckler {reflect}
Res.Poison: .       Res.Corr.  : .   (no helmet)
Res.Elec. : .       Clarity    : +   (no cloak)
Sust.Abil.: . .     Spirit.Shd : .   t - +1 pair of dwarf gauntlets
Res.Mut.  : .       Stasis     : .   (no boots)
Res.Rott. : .       Ctrl.Telep.: .   q - amulet of clarity
Saprovore : . . .   Flight     : .   u - ring "Kusase" {Fire Dam+5}
                                     o - ring of sustenance

@: nauseated, somewhat resistant to hostile enchantments, fairly stealthy
A: deterioration 1, wild magic 2
a: Renounce Religion


You were on level 1 of the Orcish Mines.
You worshipped Vehumet.
Vehumet was extremely pleased with you.
You were not hungry.

You visited 3 branches of the dungeon, and saw 13 of its levels.

You collected 923 gold pieces.
You spent 644 gold pieces at shops.

Inventory:

Hand weapons
 a - a +0,+1 short sword of draining
 s - a +2,+3 sabre of freezing (weapon)
Missiles
 e - 16 sling bullets of frost
 g - 36 sling bullets
 n - 71 darts
 p - 4 javelins (quivered)
 r - 8 curare-tipped needles
 D - a poisoned needle
Armour
 j - a +0 elven robe (worn)
 t - a +1 pair of dwarven gauntlets (worn)
 y - a +0 buckler of reflection (worn)
Magical devices
 f - a wand of digging (5)
 m - a wand of teleportation (2)
 A - a wand of frost (7)
Comestibles
 c - an apple
 i - a slice of pizza
 z - a bread ration
Scrolls
 d - 7 scrolls of remove curse
 h - 3 scrolls of magic mapping
 k - a scroll of fog
 l - 3 scrolls of teleportation
Jewellery
 o - a ring of sustenance (left hand)
 q - an amulet of clarity (around neck)
 u - the ring "Kusase" (right hand) {Fire Dam+5}
   (You acquired it on level 7 of the Dungeon)

   [ring of fire]

   It affects your damage-dealing abilities (+5).
 v - an uncursed ring of regeneration
Potions
 B - a potion of speed
 C - a potion of curing
Books
 x - a book of Frost

   Spells                             Type                      Level
   *Freeze                            Ice                          1
   *Throw Frost                       Conjuration/Ice              2
   *Ozocubu's Armour                  Charms/Ice                   3
   *Throw Icicle                      Conjuration/Ice              4
   Summon Ice Beast                   Ice/Summoning                4
   Condensation Shield                Ice                          4
Rods
 w - a +1 rod of destruction [fire] (17/17)
   (You found it on level 5 of the Dungeon)


   Skills:
 - Level 2.1 Fighting
 * Level 8.8 Dodging
 - Level 2.4 Stealth
 * Level 0.1 Shields
 * Level 10.5 Spellcasting
 * Level 8.5 Conjurations
 * Level 8.2 Fire Magic
 * Level 4.1 Ice Magic
 * Level 5.4 Evocations


You had 6 spell levels left.
You knew the following spells:

 Your Spells              Type           Power        Failure   Level  Hunger
a - Flame Tongue          Conj/Fire      ######       1%          1    None
b - Throw Flame           Conj/Fire      #######      1%          2    None
c - Conjure Flame         Conj/Fire      #########    1%          3    None
d - Inner Flame           Hex/Fire       ########.    4%          3    None
e - Fireball              Conj/Fire      #########.   7%          5    ###....
f - Throw Frost           Conj/Ice       ######.      2%          2    None
g - Freeze                Ice            #####        2%          1    None
h - Ozocubu's Armour      Chrm/Ice       ####......   32%         3    None
i - Apportation           Tloc           #####.....   28%         1    None
j - Throw Icicle          Conj/Ice       ######...    7%          4    None


Dungeon Overview and Level Annotations

Branches:
Dungeon (10/27)            Temple (1/1) D:7             Orc (2/4) D:9
   Lair: D:8-13

Altars:
Ashenzari
Cheibriados
Elyvilon
Fedhas
Kikubaaqudgha
Makhleb
Nemelex Xobeh
Okawaru
Sif Muna
Trog
Vehumet
Xom
Yredelemnul
Zin
the Shining One

Shops:
D:6: + D:7: * D:10: ?

Annotations
D:4 exclusion: statue
D:8 exclusion: 4 doors


Innate Abilities, Weirdness & Mutations

Your body is slowly deteriorating.
Your spells are harder to cast, but more powerful.


Message History

There is a stone staircase leading down here.
You see here a glowing orcish hand axe.
You start resting.
HP restored.
You climb downwards.
The orc shouts!
The orc barely misses you. The orc closely misses you.
The orc sorcerer gestures at you while chanting.
The bolt of fire hits you! You resist. The orc warrior barely misses you.
The orc warrior hits you with an orcish short sword!
There is a stone staircase leading up, spattered with blood here.
The orc warrior hits you with an orcish short sword!
* * * LOW HITPOINT WARNING * * *
You climb upwards.
There is a stone staircase leading down here.
You see here a glowing orcish hand axe.
Read which item? (? for menu, Esc to quit)
Okay, then.
The orc warrior hits you with an orcish war axe!
You die...

#....#...##.#....# ##.##
##.......#......## #...#
#......##.......####..##
##.......#........##....#
###.......#....#.##.....# ###
..........#.#....##....## ##.#
.......................## #...
.........).....o)...#...#### ##..
##..#..........>@..#.....#.## ###
#....##.......oo............###.#
....##...[#)...%.[.)...#....##...
#....##..).###....)#[...##..###.#
###.#####)###....[##..[..#[...###
#####..#.#...[.##.............#
#.....<.....###..#...#......
##[.#........##.....#.....%.
##....#.)......##.#.###..)...


You could see 2 orc warriors and an orc.

Vanquished Creatures
  A hill giant (D:9)
  An orc sorcerer (Orc:1)
  8 orc warriors
  A hydra skeleton (D:9)
  A hill giant skeleton (D:9)
  A two-headed ogre (D:9)
  The ghost of Chiseanne the Chiller, an average SEIE (D:5)
  6 yaks (D:9)
  A hippogriff (D:9)
  2 necrophages
  A hippogriff zombie (D:9)
  2 ice beasts
  A sky beast (D:9)
  4 centaurs
  2 phantoms
  2 ogres
  2 wargs (Orc:1)
  2 giant frog zombies
  5 giant frogs
  A basilisk skeleton (D:6)
  A centaur skeleton (D:4)
  6 killer bees
  5 crimson imps
  A shadow (D:9)
  A scorpion (D:10)
  3 hounds
  2 iguanas
  16 orc priests
  A jelly (D:6)
  A worker ant zombie (D:10)
  9 orc wizards
  6 worker ants
  A goliath beetle zombie (D:6)
  A mummy (D:7)
  4 adders
  3 gnolls (D:6)
  A giant mite (D:3)
  2 worms
  A bat zombie (D:5)
  2 giant geckos
  77 orcs
  6 giant cockroaches
  15 goblins
  16 hobgoblins
  2 jackals (D:4)
  15 kobolds
  3 quokkas
  2 ball pythons
  11 bats
  6 giant newts
  15 rats
  A plant (D:6)
281 creatures vanquished.

Vanquished Creatures (collateral kills)
  The ghost of Chiseanne the Prestidigitator, an experienced HEAr (D:6)
  A giant frog (D:6)
  A killer bee (D:8)
  A worker ant (D:6)
  A jelly (D:6)
  An ooze (D:3)
  3 orcs
  A kobold (D:3)
10 creatures vanquished.

Vanquished Creatures (others)
  A troll (Orc:1)
  2 giant frogs (D:6)
  A goliath beetle (D:6)
  An orc wizard (D:6)
  2 scorpions (D:6)
  2 adders (D:6)
  2 orcs
  A jackal (D:6)
  2 giant cockroaches (D:6)
  A rat zombie (D:6)
15 creatures vanquished.

Grand Total: 306 creatures vanquished

Notes
Turn   | Place    | Note
--------------------------------------------------------------
     0 | D:1      | Chiseanne, the Deep Elf Fire Elementalist, began the quest for the Orb.
     0 | D:1      | Reached XP level 1. HP: 10/10 MP: 4/4
   236 | D:1      | Reached XP level 2. HP: 12/15 MP: 4/6
   865 | D:1      | Reached skill level 4 in Fire Magic
  1300 | D:2      | Reached XP level 3. HP: 19/19 MP: 6/9
  1315 | D:2      | Learned a level 2 spell: Throw Flame
  1319 | D:2      | Learned a level 3 spell: Conjure Flame
  1823 | D:2      | Found a glowing golden altar of the Shining One.
  1835 | D:2      | Became a worshipper of the Shining One
  2739 | D:3      | Reached XP level 4. HP: 10/24 MP: 1/12
  3501 | D:4      | Reached XP level 5. HP: 28/28 MP: 11/16
  3693 | D:4      | Learned a level 3 spell: Inner Flame
  3712 | D:4      | Found an ancient bone altar of Kikubaaqudgha.
  3839 | D:4      | Found a radiant altar of Vehumet.
  3839 | D:4      | Noticed a frost-covered statue
  3855 | D:4      | Fell from the grace of the Shining One
  3855 | D:4      | Became a worshipper of Vehumet
  3961 | D:4      | Reached skill level 1 in Fighting
  3982 | D:4      | Reached XP level 6. HP: 26/32 MP: 1/18
  4516 | D:5      | Entered Level 5 of the Dungeon
  4533 | D:5      | Reached skill level 5 in Dodging
  4533 | D:5      | Reached skill level 5 in Fire Magic
  4666 | D:5      | Noticed Chiseanne's ghost (average SEIE)
  4675 | D:5      | Killed Chiseanne's ghost
  4675 | D:5      | Reached XP level 7. HP: 12/37 MP: 5/21
  5046 | D:5      | Identified a cursed -3 rod of destruction [fire] (12/12) (You found it on level 5 of the Dungeon)
  5274 | D:5      | Reached skill level 5 in Spellcasting
  5441 | D:5      | Learned a level 5 spell: Fireball
  6235 | D:6      | Reached skill level 1 in Evocations
  6290 | D:6      | Found Aczeaghott's Book Shoppe.
  6290 | D:6      | Noticed Chiseanne's ghost (experienced HEAr)
  6445 | D:6      | Killed Chiseanne's ghost
  6445 | D:6      | Reached skill level 6 in Dodging
  6445 | D:6      | Reached XP level 8. HP: 42/42 MP: 23/23
  6653 | D:6      | Acquired Vehumet's first power
  6653 | D:6      | Offered knowledge of Freeze by Vehumet.
  6671 | D:6      | Gained mutation: Your spells are a little harder to cast, but a little more powerful. [potion of mutation]
  6671 | D:6      | Gained mutation: Your spells are harder to cast, but more powerful. [potion of mutation]
  6671 | D:6      | Gained mutation: Your body is slowly deteriorating. [potion of mutation]
  7197 | D:6      | Found a shimmering altar of Xom.
  7368 | D:6      | Found a basalt altar of Yredelemnul.
  7777 | D:7      | Found a shimmering altar of Xom.
  7809 | D:7      | Reached skill level 5 in Conjurations
  8069 | D:7      | Offered knowledge of Throw Frost by Vehumet.
  8073 | D:7      | Learned a level 2 spell: Throw Frost
  8229 | D:7      | Identified a scroll of acquirement
  8230 | D:7      | Got a faintly glowing golden ring
  8258 | D:7      | Learned a level 1 spell: Freeze
  8262 | D:7      | Learned a level 3 spell: Ozocubu's Armour
  8310 | D:7      | Found a glowing silver altar of Zin.
  8363 | D:7      | Found Kotun's General Store.
  8373 | D:7      | Bought a scroll of identify for 20 gold pieces
  8374 | D:7      | Identified the ring "Kusase" {Fire Dam+5} (You acquired it on level 7 of the Dungeon)
  8386 | D:7      | Reached skill level 1 in Ice Magic
  8386 | D:7      | Reached XP level 9. HP: 14/47 MP: 14/26
  8504 | D:7      | Found a staircase to the Ecumenical Temple.
  8509 | Temple   | Entered the Ecumenical Temple
  8960 | D:8      | Reached skill level 7 in Dodging
  9062 | D:8      | Found a shattered altar of Ashenzari.
  9137 | D:8      | Found a bloodstained altar of Trog.
  9148 | D:8      | Noticed a hill giant
  9220 | D:8      | Found a shimmering altar of Xom.
  9380 | D:9      | Noticed a hill giant
  9385 | D:9      | Noticed a five-headed hydra skeleton
  9385 | D:9      | Killed a hill giant
  9438 | D:9      | Found a burning altar of Makhleb.
  9571 | D:9      | Reached skill level 8 in Spellcasting
  9658 | D:9      | Found a staircase to the Orcish Mines.
  9833 | D:9      | Learned a level 1 spell: Apportation
  9954 | D:9      | Reached XP level 10. HP: 52/52 MP: 6/29
  9954 | D:9      | Reached skill level 9 in Spellcasting
 10250 | D:9      | Offered knowledge of Mephitic Cloud by Vehumet.
 10257 | D:9      | Learned a level 4 spell: Throw Icicle
 10511 | D:9      | Killed a five-headed hydra skeleton
 10859 | D:10     | Entered Level 10 of the Dungeon
 10866 | D:10     | Found Casotyqeis' Magic Scroll Boutique.
 10945 | D:10     | Acquired Vehumet's second power
 11165 | D:10     | Reached skill level 5 in Evocations
 11337 | Orc:1    | Entered Level 1 of the Orcish Mines
 11346 | Orc:1    | Offered knowledge of Airstrike by Vehumet.
 11388 | Orc:1    | Noticed an orc sorcerer
 11399 | Orc:1    | Killed an orc sorcerer
 11399 | Orc:1    | Reached skill level 10 in Spellcasting
 11984 | D:10     | Bought a scroll of acquirement for 624 gold pieces
 12283 | Orc:1    | Acquired Vehumet's third power
 12618 | Orc:1    | Offered knowledge of Venom Bolt by Vehumet.
 12807 | Orc:2    | Noticed an orc knight
 12900 | Orc:2    | Noticed an orc high priest
 12900 | Orc:2    | Noticed an orc sorcerer
 13535 | Orc:2    | Reached XP level 11. HP: 56/56 MP: 30/32
 13861 | Orc:1    | Slain by an orc warrior

Action                   |  1- 3 |  4- 6 |  7- 9 | 10-12 || total
-------------------------+-------+-------+-------+-------++-------
Melee: Short sword       |    76 |    42 |   167 |       ||   285
       Sabre             |       |       |    11 |    10 ||    21
Throw: Dart              |     1 |     3 |    40 |       ||    44
       Javelin           |       |       |     6 |       ||     6
 Cast: Flame Tongue      |    58 |    32 |    75 |    80 ||   245
       Throw Flame       |     4 |    37 |   140 |   217 ||   398
       Inner Flame       |       |       |     4 |     6 ||    10
       Throw Frost       |       |       |     2 |     3 ||     5
       Conjure Flame     |       |       |     6 |     3 ||     9
       Throw Icicle      |       |       |       |     1 ||     1
Evoke: Wand              |     5 |     4 |    20 |       ||    29
       Rod               |       |       |    10 |       ||    10
  Use: Potion            |     4 |     3 |     8 |     2 ||    17
       Scroll            |       |     8 |    25 |     2 ||    35
 Stab: Sleeping          |     2 |     1 |       |       ||     3
       Held in net/web   |     1 |       |       |       ||     1
